 Dungeon Crawl Stone Soup version 0.32-a0-86-g8db1b9f803 (webtiles) character file.

Game seed: 5773330443728831911

266 jasper the Changeling (level 6, -2/43 HPs)
             Began as a Barachi Shapeshifter on Feb 5, 2024.
             Incinerated by a bombardier beetle (6 damage)
             ... with a burning spray
             ... on level 4 of the Dungeon.
             The game lasted 00:06:12 (3598 turns).

jasper the Changeling (Barachi Shapeshifter)        Turns: 3598, Time: 00:06:13

Health: -2/43      AC:  6    Str: 15    XL:     6   Next: 20%
Magic:  6/6        EV:  9    Int: 10    God:
Gold:   121        SH:  0    Dex: 14    Spells: 5/5 levels left

rFire   . .          .
                       - Unarmed
rCold   . . .        (no shield)
rNeg    . . .        f - +0 scale mail
rPois   .            (helmet currently unavailable)
rElec   .            (cloak currently unavailable)
rCorr   .            (gloves currently unavailable)
SInv    .            (boots currently unavailable)
Will    .....        (no amulet) Stlth
                     (no ring)
HPRegen 0.27/turn    (no ring)
MPRegen 0.10/turn

%: no passive effects
@: on fire, beast-form, unable to hop, glowing, slow
A: beast (slay +3), amphibious, slowness 1, strong legs 1, +LOS
a: Hop, Begin Untransformation


You were on level 4 of the Dungeon.
You were a hulking beast.
You visited 1 branch of the dungeon, and saw 4 of its levels.

You collected 170 gold pieces.
You spent 49 gold pieces at shops.

Inventory:

Hand Weapons
 n - a +2 sling of freezing
Missiles
 e - 3 poisoned darts (quivered)
 g - 4 boomerangs
 h - 56 stones
Armour
 a - a +0 animal skin
 f - a +0 scale mail (worn)
 s - a +0 helmet
Jewellery
 j - a +6 ring of intelligence
 o - an amulet of faith
Talismans
 c - a beast talisman
 d - a flux talisman
Scrolls
 l - a scroll of identify
 m - a scroll of enchant weapon
 q - a scroll of fear
 r - a scroll of summoning {unknown}
Potions
 b - a potion of lignification
 i - a potion of berserk rage
 k - 5 potions of curing
 p - a potion of brilliance {unknown}


   Skills:
 - Level 1.2 Fighting
 - Level 2.1 Dodging
 - Level 3.2 Unarmed Combat
 + Level 6.9 Shapeshifting


You had 5 spell levels left.
You didn't know any spells.
Your spell library was empty.

Dungeon Overview and Level Annotations

Branches:
Dungeon (4/15)
 Temple: D:4-7

Altars:

Shops:
D:4 [


Innate Abilities, Weirdness & Mutations

You are a hulking beast.
Your limbs bulge with bestial killing power. (Slay +3)
You are amphibious.
You cover ground slowly.
You can hop short distances.
You have an extended range of vision and can be seen from far away.


Message History

The liquid fire burns you!
You take 5 damage, and have 28/43 hp.
You hit the bombardier beetle but do no damage.
The bombardier beetle is severely wounded.
The liquid fire burns you! The bombardier beetle bites you.
You take 4 damage, and have 24/43 hp.
You hit the bombardier beetle.
The bombardier beetle is almost dead.
The liquid fire burns you!
You take 4 damage, and have 20/43 hp.
Hop to where?
Press: ? - help, Dir - move target Boing!
You shake off some of the fire as you move.
The liquid fire burns you!
The bombardier beetle sprays incendiary fluid at you.
The burning spray hits you.
You are even more covered in liquid fire!
You take 5 damage, and have 15/43 hp.
You shake off some of the fire as you move.
The liquid fire burns you!
* * * LOW HITPOINT WARNING * * *
You take 2 damage, and have 13/43 hp.
You hit the bombardier beetle.
You kill the bombardier beetle!
The liquid fire burns you!
* * * LOW HITPOINT WARNING * * *
You take 2 damage, and have 11/43 hp.
You shake off some of the fire as you move.
The liquid fire burns you!
* * * LOW HITPOINT WARNING * * *
You take 2 damage, and have 9/43 hp.
You shake off some of the fire as you move.
The liquid fire burns you!
* * * LOW HITPOINT WARNING * * *
You take 5 damage, and have 4/43 hp.
You shake off some of the fire as you move.
The liquid fire burns you!
You die...

#............#......#..........
####...##...###..##'##....##.##
#############'###..##.##....##.##
..............#....<.........#...
..............#..............#...
..............#..............#...
.........##..>##+#.......##.#####
.........#######..#########.#
..B.............h..# ...
.........##........# ....
###########.†......# ....
#.........# .... #.........#
##.......## #########


There were no monsters in sight!

Vanquished Creatures
  A bombardier beetle (D:4)
  A hound (D:4)
  4 gnolls (D:3)
  7 adders
  3 dart slugs
  2 ribbon worms
  2 orcs
  6 endoplasms
  2 giant cockroaches
  8 goblins
  8 hobgoblins
  4 quokkas
  5 ball pythons
  11 bats
  3 frilled lizards (D:1)
  12 kobolds
  8 rats
87 creatures vanquished.

Notes
Turn   | Place    | Note
-------+----------+-------------------------------------------
     0 | D:1      | jasper the Barachi Shapeshifter began the quest for the
                  | Orb.
     0 | D:1      | Reached XP level 1. HP: 15/15 MP: 1/1
   228 | D:1      | Reached XP level 2. HP: 19/21 MP: 2/2
   255 | D:1      | Reached skill level 4 in Shapeshifting
   543 | D:1      | Found a faded altar of an unknown god.
   703 | D:1      | Reached XP level 3. HP: 25/26 MP: 3/3
  1228 | D:2      | You fall into a shaft and drop 1 floor!
  1297 | D:4      | Found Itavoasch's Armour Shop.
  1354 | D:3      | Reached skill level 5 in Shapeshifting
  1354 | D:3      | Reached XP level 4. HP: 31/32 MP: 4/4
  1557 | D:3      | Reached XP level 5. HP: 22/37 MP: 5/5
  2176 | D:2      | Identified the +0 leather armour of the Endless Expanse
                  | {rElec Will- rCorr Stlth-}
  2487 | D:2      | Reached skill level 6 in Shapeshifting
  3198 | D:4      | Bought a +0 helmet for 49 gold pieces
  3499 | D:4      | Reached XP level 6. HP: 39/43 MP: 6/6
  3598 | D:4      | Incinerated by a bombardier beetle

Illustrated notes

Levels and vault maps discovered:
D:1:      dpeg_arrival_round_b, layout_basic, hellmonk_ecumenical_altar_zigzags,
          hangedman_decor_lopped
D:2:      layout_basic, minivault_23, kennysheep_donut
D:3:      layout_loops_ring
D:4:      layout_gridville, lemuel_round_altar, serial_shops,
          nicolae_shop_window_shopping

Skill      XL: |  1  2  3  4  5 |
---------------+----------------+-----
Shapeshifting  | 4 5 6 |  6.9
Fighting       | |  1.2
Dodging        | |  2.1
Unarmed Combat | |  3.2

Action                     |  1- 3 |  4- 6 || total
---------------------------+-------+-------++-------
  Melee: Unarmed           |   106 |   133 ||   239
         Punch             |     4 |     4 ||     8
  Throw: Dart              |     6 |    15 ||    21
Ability: Hop               |     1 |     1 ||     2
    Use: Scroll            |     5 |     3 ||     8
   Stab: Distracted        |     1 |       ||     1
         Sleeping          |     1 |       ||     1
 Armour: Animal skin       |    36 |       ||    36
         Scale mail        |    22 |    88 ||   110
  Dodge: Dodged            |    49 |    55 ||   104

Table legend: (Time is in decaauts)
 A = Elapsed time spent in this place.
 B = Non-inter-level travel time spent in this place.
 C = Inter-level travel time spent in this place.
 D = Time resting spent in this place.
 E = Time spent auto-exploring this place.
 F = Levels seen in this place.
 G = Mean time per level.
                   A        B        C        D        E       F      G
               +--------+--------+--------+--------+--------+-----+--------+
         Total |   4036 |   3868 |    168 |    768 |   2181 |   4 | 1009.0 |
       Dungeon |   4036 |   3868 |    168 |    768 |   2181 |   4 | 1009.0 |
               +--------+--------+--------+--------+--------+-----+--------+

Top non-repeatable levels by time:
     D:1: 1305 daAuts
     D:3: 1093 daAuts
     D:2: 1045 daAuts
     D:4: 592 daAuts
